 Dungeon Crawl Stone Soup version 0.26-a0-257-g47e9e61525 (webtiles) character file.

Game seed: 1097773737578428564

116 Infinimo the Chiller (level 4, -2/30 HPs)
             Began as a Mummy Ice Elementalist on July 10, 2020.
             Was an Initiate of Gozag.
             Slain by a gnoll
             ... wielding a +0 club
              (4 damage)
             ... on level 3 of the Dungeon.
             The game lasted 00:03:48 (3106 turns).

Infinimo the Chiller (Mummy Ice Elementalist)       Turns: 3106, Time: 00:03:48

Health: -2/30      AC:  2    Str: 11    XL:     4   Next: 70%
Magic:  8/10       EV: 12    Int: 15    God:    Gozag
Gold:   334        SH:  0    Dex: 12    Spells: 7/11 levels left

rFire    . . .     SeeInvis .   e - +0 dagger
rCold    + . .     Faith    .   (no shield)
rNeg     + + +     Spirit   .   a - +0 robe
rPois    ∞         Reflect  .   (no helmet)
rElec    .         Harm     .   (no cloak)
rCorr    .                      (no gloves)
MR       .....                  (no boots)
Stlth    ++........             (no amulet)
HPRegen  0.10/turn              i - ring of protection from fire
MPRegen  0.12/turn              (no ring)

@: about to teleport
A: no food or potions, fire vulnerability, cold resistance 1, negative energy
resistance 3, torment resistance, unbreathing
a: Potion Petition, Call Merchant, Bribe Branch, Renounce Religion


You were on level 3 of the Dungeon.
You worshipped Gozag.
Gozag was aware of your devotion.
You were not hungry.

You visited 1 branch of the dungeon, and saw 3 of its levels.

You collected 383 gold pieces.
You paid 49 gold pieces to Gozag.

Inventory:

Hand Weapons
 e - a +0 dagger (weapon)
Armour
 a - a +0 robe (worn)
Jewellery
 i - a ring of protection from fire (left hand)
Scrolls
 c - a scroll of remove curse


   Skills:
 - Level 1.5 Dodging
 - Level 1.5 Stealth
 + Level 4.1 Spellcasting
 * Level 4.5 Ice Magic


You had 7 spell levels left.
You knew the following spells:

 Your Spells              Type           Power        Failure   Level
a - Freeze                Ice            ###.         2%          1
b - Frozen Ramparts       Ice            ###...       9%          3

Your spell library contained the following spells:

 Spells                   Type           Power        Failure   Level
 Ozocubu's Armour         Chrm/Ice       #.......     22%         3
 Hailstorm                Conj/Ice       #.......     56%         4
 Summon Ice Beast         Ice/Summ       #.......     56%         4


Dungeon Overview and Level Annotations

Branches:
Dungeon (3/15)

Altars:
Fedhas
Gozag
Qazlal
Xom
Yredelemnul

Annotations:
D:3 Grinder


Innate Abilities, Weirdness & Mutations

You do not eat or drink.
Your flesh is vulnerable to fire.
You are immune to poison.
Your flesh is cold resistant. (rC+)
You are immune to negative energy. (rN+++)
You are immune to unholy pain and torment.
You can survive without breathing.


Message History

Aim: a gnoll, wielding a +0 spear You freeze the gnoll!
The gnoll is heavily wounded.
The gnoll hits you with a +0 spear! The gnoll hits you with a +0 club.
* * * LOW HITPOINT WARNING * * *
As you read the scroll of teleportation, it crumbles to dust.
You feel strangely unstable.
The gnoll hits you with a cursed -1 flail.
* * * LOW HITPOINT WARNING * * *
You can't drink.
Casting: Freeze (safe; 2% risk of failure)
Confirm with . or Enter, or press ? or * to list all spells.
Aiming: Freeze (safe; 2% risk of failure)
Press: ? - help, Shift-Dir - straight line, f/p - gnoll
Aim: a gnoll, wielding a +0 spear (heavily wounded)
You freeze the gnoll.
The gnoll is almost dead.
The gnoll hits you with a +0 club.
You die...
Your body crumbles into a pile of gold.

#..........# #g# #.# #........g.#
#.# *,*
#..........####.####.#########
#.###.###g...........##.....>.
#.......ggg.....#######.######
#..##.####.###### #.# #..##.# #.#
#.# ####..##.# #.##### #.#
......##.# #..g@g# #.# ####!..#g#
#####g# #.###### ##.)...g# #g#
#....... ##.......## #.# ########
#.........# #.#
..........#######.#
#.........g.$gg.#.#########
##.......#.####.#.##......#######
........##..###..................


You could see 4 gnolls.

Vanquished Creatures
  A bullfrog zombie (D:2)
  3 adders (D:2)
  An ooze (D:1)
  A worm (D:2)
  A dart slug (D:2)
  A leopard gecko (D:3)
  2 orcs (D:3)
  3 giant cockroaches
  7 goblins
  5 hobgoblins
  2 jackals (D:1)
  2 quokkas (D:2)
  4 bats
  2 frilled lizards (D:3)
  6 kobolds
  8 rats
49 creatures vanquished.

Notes
Turn   | Place    | Note
-------+----------+-------------------------------------------
     0 | D:1      | Infinimo the Mummy Ice Elementalist began the quest for the
                  | Orb.
     0 | D:1      | Reached XP level 1. HP: 13/13 MP: 4/4
     7 | D:1      | Found a shimmering altar of Xom.
   457 | D:1      | Reached XP level 2. HP: 16/19 MP: 0/6
  1409 | D:2      | Reached XP level 3. HP: 19/24 MP: 8/8
  1582 | D:2      | Found an opulent altar of Gozag.
  1607 | D:2      | Became a worshipper of Gozag Ym Sagoz the Greedy
  1648 | D:2      | Found a basalt altar of Yredelemnul.
  1651 | D:2      | Reached XP level 4. HP: 28/30 MP: 5/9
  1825 | D:2      | Found a blossoming altar of Fedhas.
  1973 | D:2      | Found a stormy altar of Qazlal.
  2494 | D:3      | Learned a level 3 spell: Frozen Ramparts
  2805 | D:3      | Noticed Grinder
  3106 | D:3      | Slain by a gnoll

Illustrated notes

Levels and vault maps discovered:
D:1:      minmay_arrival_checkered_box, layout_basic, xom_teletrap_fun
D:2:      layout_basic, old_standard_altar, lemuel_crystal_altar,
          yredelemnul_altar_generic, first_ration,
          nicolae_gozag_cash_rules_everything_around_me
D:3:      layout_loops_ring, nicolae_overflow_hidden_temple, uniq_grinder

Skill      XL: |  1  2  3  4 |
---------------+-------------+-----
Spellcasting   | 3 4 |  4.1
Ice Magic      | 4 |  4.5
Dodging        | |  1.5
Stealth        | |  1.5

Action                   |  1- 3 |  4- 6 || total
-------------------------+-------+-------++-------
Melee: Unarmed           |     5 |       ||     5
       Dagger            |    33 |     5 ||    38
 Cast: Freeze            |    32 |    37 ||    69
  Use: Scroll            |       |     8 ||     8
Armor: Robe              |    18 |     4 ||    22
Dodge: Dodged            |    73 |    12 ||    85

Table legend:
 A = Non-vault XP
 B = Vault XP
 C = Vault XP percentage of total XP
 D = Non-vault monster count
 E = Vault monster count
 F = Vault count percentage of total count
                 A         B        C        D         E       F
            +---------+---------+-------+---------+---------+-------
      Total |     167 |       0 |   0.0 |      49 |       0 |   0.0
            +---------+---------+-------+---------+---------+-------
        D:1 |      30 |       0 |   0.0 |      18 |       0 |   0.0
        D:2 |     112 |       0 |   0.0 |      18 |       0 |   0.0
        D:3 |      25 |       0 |   0.0 |      13 |       0 |   0.0
            +---------+---------+-------+---------+---------+-------
